AoeStats
← M*rpheu$

Arena

510113196Analyzed
4v4 RM · 20h ago on Sep 29, 2026· 41m 5s· 8 players
Game mode
Random Map
Map size
Large (8 player)
Population
200
Speed
Normal
Resources
Standard
Victory
Conquest
Starting age
Dark Age
Ending age
Imperial Age
RankedLock teamsTeams togetherTeam positionsShared explorationLock speedFull tech treeHidden civsTurbo modeCheats
Victory
Defeat
🇮🇳 Khmer · India
1406
+15
🇬🇧 Spanish · United Kingdom
1350
+17
🇩🇪 Ethiopians · Germany
1346
+17
🇮🇳 Teutons · India
1328
+18
🇨🇳 Poles · China
1408
-18
🇭🇰 Britons · Hong Kong SAR China
1405
-18
🇨🇳 Vietnamese · China
1362
-16
🇨🇳 Mongols · China
1323
-15
LinG寶寶
6:23 Loom
8:50 Feudal Age
9:31 Double-Bit Axe
11:39 Fletching
12:02 Horse Collar
15:14 Wheelbarrow
20:55 Castle Age
20:11 Gold Mining
20:11 Stone Mining
20:16 Gold Mining
21:54 Bow Saw
23:17 Bodkin Arrow
25:56 Hand Cart
30:02 Imperial Age
28:15 Crossbowman
29:10 Padded Archer Armor
30:07 Ballistics
30:33 Fortified Wall
31:03 Leather Archer Armor
32:00 Gold Shaft Mining
32:11 Conscription
31:39 Town Watch
32:58 Two-Man Saw
32:11 Elite Skirmisher
33:24 Ring Archer Armor
32:56 Bracer
33:26 Ring Archer Armor
33:58 Chemistry
33:05 Imperial Skirmisher
36:12 Arbalester
七七2025
11:26 Feudal Age
15:37 Castle Age
13:21 Horse Collar
13:27 Double-Bit Axe
16:57 Bow Saw
16:48 Heavy Plow
18:11 Gold Mining
20:14 Fletching
21:43 Bodkin Arrow
30:41 Loom
31:33 Wheelbarrow
30:48 Town Watch
32:43 Hand Cart
35:51 Imperial Age
33:46 Pikeman
36:28 Scale Mail Armor
36:40 Forging
37:33 Two-Man Saw
37:06 Crop Rotation
38:53 Elite Skirmisher
38:59 Crossbowman
白桃桃
9:42 Feudal Age
10:56 Double-Bit Axe
10:52 Horse Collar
14:32 Castle Age
16:18 Bow Saw
19:56 Loom
21:23 Wheelbarrow
24:34 Gold Mining
26:49 Gold Shaft Mining
27:08 Hand Cart
27:31 Heavy Plow
30:04 Imperial Age
27:38 Stone Mining
29:01 Stone Shaft Mining
29:20 Fletching
29:39 Town Watch
30:10 Bodkin Arrow
30:16 Padded Archer Armor
31:04 Husbandry
31:14 Bloodlines
31:07 Bracer
33:17 Leather Archer Armor
33:25 Ballistics
33:35 Elite Mangudai
35:10 Conscription
35:01 Elite Mangudai
36:03 Onager
38:27 Masonry
38:22 Siege Engineers
40:05 Drill
NocturnalPharmakon
3:14 Loom
10:52 Feudal Age
11:56 Double-Bit Axe
14:33 Castle Age
12:54 Horse Collar
15:26 Heavy Plow
15:37 Bow Saw
20:15 Gold Mining
20:39 Scale Barding Armor
20:44 Forging
21:19 Wheelbarrow
23:18 Szlachta Privileges
23:35 Chain Barding Armor
23:50 Iron Casting
23:48 Bloodlines
29:44 Imperial Age
28:28 Husbandry
29:09 Stone Mining
29:55 Iron Casting
30:01 Cavalier
31:15 Hand Cart
30:46 Loom
30:48 Town Watch
32:37 Squires
32:23 Arson
33:42 Crop Rotation
33:46 Conscription
36:51 Scale Mail Armor
37:52 Blast Furnace
39:23 Coinage
38:53 Caravan
39:21 Pikeman
BLADE
6:55 Loom
7:17 Loom
9:38 Feudal Age
11:11 Fletching
13:19 Double-Bit Axe
17:10 Horse Collar
19:00 Wheelbarrow
18:53 Man-at-Arms
21:42 Forging
24:08 Castle Age
25:10 Bow Saw
25:06 Heavy Plow
25:56 Pikeman
26:47 Scale Mail Armor
27:17 Bloodlines
27:52 Scale Barding Armor
28:23 Iron Casting
30:46 Gold Mining
31:33 Chain Barding Armor
32:41 Squires
32:29 Arson
33:11 Town Watch
33:52 Hand Cart
36:59 Imperial Age
35:11 Stone Mining
37:37 Cavalier
39:07 Plate Barding Armor
40:56 Blast Furnace
40:25 Paladin
41:30 Ironclad
41:33 Conscription
adi.rathore
11:10 Feudal Age
14:02 Castle Age
12:06 Double-Bit Axe
12:13 Horse Collar
20:08 Wheelbarrow
22:07 Gold Mining
24:52 Gold Shaft Mining
24:47 Bow Saw
28:28 Imperial Age
26:36 Scale Barding Armor
26:46 Heavy Plow
27:22 Bloodlines
27:13 Husbandry
27:38 Chain Barding Armor
28:43 Forging
28:35 Elite Battle Elephant
29:53 Plate Barding Armor
29:46 Loom
33:15 Iron Casting
33:05 Hand Cart
35:02 Tusk Swords
36:10 Blast Furnace
36:47 Town Watch
39:23 Crop Rotation
39:55 Fletching
M*rpheu$
10:45 Feudal Age
14:57 Castle Age
12:59 Horse Collar
17:05 Double-Bit Axe
17:23 Heavy Plow
19:11 Bow Saw
24:53 Wheelbarrow
24:49 Loom
24:49 Town Watch
27:55 Imperial Age
26:27 Hand Cart
26:06 Gold Mining
26:09 Crossbowman
26:48 Fletching
27:00 Padded Archer Armor
27:49 Thumb Ring
27:53 Bodkin Arrow
28:20 Arbalester
30:05 Chemistry
29:27 Leather Archer Armor
30:14 Ballistics
31:04 Two-Man Saw
31:46 Siege Engineers
32:17 Bracer
32:56 Ring Archer Armor
32:37 Town Patrol
34:45 Gold Shaft Mining
34:00 Stone Mining
34:43 Torsion Engines
35:04 Conscription
40:10 Murder Holes
Alotta Fagina
11:08 Feudal Age
14:34 Castle Age
12:47 Stone Mining
13:30 Double-Bit Axe
13:41 Loom
15:49 Bow Saw
15:20 Horse Collar
29:15 Imperial Age
28:27 Wheelbarrow
27:48 Gold Mining
29:59 Bloodlines
36:09 Heavy Plow
39:18 Padded Archer Armor
39:26 Scale Barding Armor
39:38 Hand Cart
39:09 Town Watch
39:12 Pikeman
39:52 Squires
Connection lost

Rejoining the realm…

Still unreachable

The connection could not be restored.

Session expired

The server has moved on; the page needs a fresh start.